TOP OF THE 1ST |
Columbia 08s batting - Pitching for Minnesota Death Stars : RHP Luis López
|
Pitching: RHP Luis López
|
|
Batting: RHB Ben Barker
|
0-0: Ground out 6-3 (Groundball, 6)
|
Batting: RHB Bernardo Corona
|
0-0: Ball 1-0: Fly out, F8 (Flyball, 8RXD)
|
Batting: RHB Carlos López
|
0-0: Ground out 6-3 (Groundball, 6S)
|
Top of the 1st over - 0 run(s), 0 hit(s), 0 error(s), 0 left on base; Columbia 0 - Minnesota 0 |
BOTTOM OF THE 1ST |
Minnesota Death Stars batting - Pitching for Columbia 08s : RHP Jorge Amador
|
Pitching: RHP Jorge Amador
|
|
Batting: LHB Júlio Córdova
|
0-0: Called Strike 0-1: Swinging Strike 0-2: Ball 1-2: Ball 2-2: Strikes out looking
|
Batting: RHB Octávio Ramos
|
0-0: Ball 1-0: Fly out, F9 (Flyball, 9S)
|
Batting: RHB Raúl Flores
|
0-0: SINGLE (Flyball, 8RS)
|
Batting: RHB Kel Weeks
|
0-0: Called Strike 0-1: SINGLE (Flyball, 89S) Raúl Flores to second
|
Batting: RHB Mike Wagner
|
0-0: Single, Error in OF, E7, batter to second base Raúl Flores scores Kel Weeks to third
|
Batting: RHB Sean King
|
0-0: Ground out 5-3 (Groundball, 56)
|
Bottom of the 1st over - 1 run(s), 3 hit(s), 1 error(s), 2 left on base; Columbia 0 - Minnesota 1 |
TOP OF THE 2ND |
Columbia 08s batting - Pitching for Minnesota Death Stars : RHP Luis López
|
Batting: RHB Jaime Hernández
|
0-0: DOUBLE (Line Drive, 78XD)
|
Batting: RHB Chris Burrell
|
0-0: Ball 1-0: Ball 2-0: Foul Ball, location: 2F 2-1: Ball 3-1: Base on Balls
|
Batting: RHB James Hunter
|
0-0: Ball 1-0: Called Strike 1-1: Ball 2-1: Foul Ball, location: 2F 2-2: Ball 3-2: Strikes out swinging
|
Batting: SHB Jorge Rodríguez
|
0-0: Ball 1-0: Ball 2-0: Called Strike 2-1: SINGLE (Line Drive, 7LS) Jaime Hernández to third Chris Burrell to second Runner from 3rd tries for Home, SAFE, throw made home
|
Batting: RHB Carlos Estrada
|
0-0: Called Strike 0-1: Foul Ball, location: 2F 0-2: Foul Ball, location: 2F 0-2: Hit by Pitch Chris Burrell to third Jorge Rodríguez to second
|
Batting: RHB Henry Fox
|
0-0: Foul Ball, location: 2F 0-1: Grounds into double play, 6-4-3 (Groundball, 6)
|
Top of the 2nd over - 1 run(s), 2 hit(s), 0 error(s), 2 left on base; Columbia 1 - Minnesota 1 |
BOTTOM OF THE 2ND |
Minnesota Death Stars batting - Pitching for Columbia 08s : RHP Jorge Amador
|
Batting: RHB José Rosales
|
0-0: Ball 1-0: Ball 2-0: Bunt missed! 2-1: Ball 3-1: Called Strike 3-2: Strikes out looking
|
Batting: RHB Sergio Calderón
|
0-0: Swinging Strike 0-1: Swinging Strike 0-2: Ground out 5-3 (Groundball, 5)
|
Batting: RHB Pat Bray
|
0-0: Ball 1-0: Ball 2-0: Ground out 5-3 (Groundball, 5L)
|
Bottom of the 2nd over - 0 run(s), 0 hit(s), 0 error(s), 0 left on base; Columbia 1 - Minnesota 1 |
TOP OF THE 3RD |
Columbia 08s batting - Pitching for Minnesota Death Stars : RHP Luis López
|
Batting: RHB Ben Barker
|
0-0: Ball 1-0: Foul Ball, location: 2F 1-1: Reached on error, E6 (Groundball, 6)
|
Batting: RHB Bernardo Corona
|
0-0: Ball 1-0: Ball 2-0: Reached on error, E4 (Groundball, 34) Ben Barker to second
|
Batting: RHB Carlos López
|
0-0: Grounds into double play, 4-6-3 (Groundball, 4) Ben Barker to third
|
Batting: RHB Jaime Hernández
|
0-0: Ball 1-0: Ball 2-0: Called Strike 2-1: Ball 3-1: Swinging Strike 3-2: Fly out, F6 (Popup, 6D)
|
Top of the 3rd over - 0 run(s), 0 hit(s), 2 error(s), 1 left on base; Columbia 1 - Minnesota 1 |
BOTTOM OF THE 3RD |
Minnesota Death Stars batting - Pitching for Columbia 08s : RHP Jorge Amador
|
Batting: LHB Júlio Córdova
|
0-0: Ball 1-0: Foul Ball, location: 2F 1-1: Foul Ball, location: 2F 1-2: Ball 2-2: Strikes out swinging, 2-3 out at first.
|
Batting: RHB Octávio Ramos
|
0-0: Foul Ball, location: 2F 0-1: Ball 1-1: Ball 2-1: Foul Ball, location: 2F 2-2: Strikes out swinging
|
Batting: RHB Raúl Flores
|
0-0: Called Strike 0-1: Called Strike 0-2: Ground out 4-3 (Groundball, 4M)
|
Bottom of the 3rd over - 0 run(s), 0 hit(s), 0 error(s), 0 left on base; Columbia 1 - Minnesota 1 |
TOP OF THE 4TH |
Columbia 08s batting - Pitching for Minnesota Death Stars : RHP Luis López
|
Batting: RHB Chris Burrell
|
0-0: Ball 1-0: Ball 2-0: Foul Ball, location: 2F 2-1: Ball 3-1: Called Strike 3-2: Base on Balls
|
Batting: RHB James Hunter
|
0-0: Called Strike 0-1: Called Strike 0-2: DOUBLE (Line Drive, 7LM) Chris Burrell to third
|
Batting: SHB Jorge Rodríguez
|
0-0: Called Strike 0-1: Ball 1-1: Fly out, F7 (Flyball, 7S)
|
Batting: RHB Carlos Estrada
|
0-0: Ball 1-0: Foul Ball, location: 2F 1-1: Swinging Strike 1-2: Strikes out swinging
|
Batting: RHB Henry Fox
|
0-0: Swinging Strike 0-1: Ball 1-1: Foul Ball, location: 2F 1-2: Ball 2-2: Foul Ball, location: 2F 2-2: Foul Ball, location: 2F 2-2: Foul Ball, location: 2F 2-2: Ball 3-2: Strikes out looking
|
Top of the 4th over - 0 run(s), 1 hit(s), 0 error(s), 2 left on base; Columbia 1 - Minnesota 1 |
BOTTOM OF THE 4TH |
Minnesota Death Stars batting - Pitching for Columbia 08s : RHP Jorge Amador
|
Batting: RHB Kel Weeks
|
0-0: Ball 1-0: Ball 2-0: Ball 3-0: Base on Balls
|
Batting: RHB Mike Wagner
|
0-0: Called Strike 0-1: Swinging Strike 0-2: Ball 1-2: Strikes out swinging
|
Batting: RHB Sean King
|
0-0: Called Strike 0-1: Ball 1-1: Ball 2-1: Ball 3-1: Foul Ball, location: 2F 3-2: Foul Ball, location: 2F 3-2: Foul Ball, location: 2F 3-2: Ground out 6-3 (Groundball, 6S) Kel Weeks to second
|
Batting: RHB José Rosales
|
0-0: Called Strike 0-1: Ball 1-1: Foul Ball, location: 2F 1-2: Foul Ball, location: 2F 1-2: Strikes out swinging
|
Bottom of the 4th over - 0 run(s), 0 hit(s), 0 error(s), 1 left on base; Columbia 1 - Minnesota 1 |
TOP OF THE 5TH |
Columbia 08s batting - Pitching for Minnesota Death Stars : RHP Luis López
|
Batting: RHB Ben Barker
|
0-0: Ball 1-0: Foul Ball, location: 2F 1-1: DOUBLE (Flyball, 8LD)
|
Batting: RHB Bernardo Corona
|
0-0: Ball 1-0: Fly out, F7 (Flyball, 7)
|
Batting: RHB Carlos López
|
0-0: Fly out, F4 (Line Drive, 4M) Lined into DP, U4 (Line Drive, 4M)
|
Top of the 5th over - 0 run(s), 1 hit(s), 0 error(s), 0 left on base; Columbia 1 - Minnesota 1 |
BOTTOM OF THE 5TH |
Minnesota Death Stars batting - Pitching for Columbia 08s : RHP Jorge Amador
|
Batting: RHB Sergio Calderón
|
0-0: Called Strike 0-1: Ball 1-1: Ball 2-1: Foul Ball, location: 2F 2-2: Ball 3-2: Strikes out swinging
|
Batting: RHB Pat Bray
|
0-0: Ball 1-0: Swinging Strike 1-1: Ball 2-1: Ball 3-1: Base on Balls
|
Batting: LHB Júlio Córdova
|
0-0: Ball 1-0: Called Strike 1-1: Foul Ball, location: 2F 1-2: Ball Throwing error on steal attempt, E2 Pat Bray to third 2-2: Foul Ball, location: 2F 2-2: Ground out 4-3 (Groundball, 4) Pat Bray scores
|
Batting: RHB Octávio Ramos
|
0-0: Called Strike 0-1: Ball 1-1: Ball 2-1: Ball 3-1: Ground out 6-3 (Groundball, 6)
|
Bottom of the 5th over - 1 run(s), 0 hit(s), 1 error(s), 0 left on base; Columbia 1 - Minnesota 2 |
TOP OF THE 6TH |
Columbia 08s batting - Pitching for Minnesota Death Stars : RHP Luis López
|
Batting: RHB Jaime Hernández
|
0-0: Ball 1-0: Ball 2-0: Called Strike 2-1: SINGLE (Groundball, 4MD)
|
Batting: RHB Chris Burrell
|
0-0: Ball 1-0: Called Strike 1-1: Ball 2-1: Ball 3-1: Foul Ball, location: 2F 3-2: Foul Ball, location: 2F 3-2: SINGLE (Line Drive, 56D) Jaime Hernández to second
|
Batting: RHB James Hunter
|
0-0: Foul Ball, location: 2F 0-1: Foul Ball, location: 2F 0-2: Fly out, F8 (Line Drive, 8RD) Runner from 2nd tags up, SAFE at 3rd, no throw
|
Batting: SHB Jorge Rodríguez
|
0-0: Called Strike 0-1: SINGLE (Line Drive, 89S) Jaime Hernández scores Chris Burrell to second
|
Pitching: RHP Jerry Catron
|
|
Batting: RHB Carlos Estrada
|
0-0: Called Strike 0-1: Foul Ball, location: 2F 0-2: Strikes out swinging
|
Batting: RHB Henry Fox
|
0-0: Ball 1-0: Ball 2-0: Fly out, F8 (Line Drive, 78M)
|
Top of the 6th over - 1 run(s), 3 hit(s), 0 error(s), 2 left on base; Columbia 2 - Minnesota 2 |
BOTTOM OF THE 6TH |
Minnesota Death Stars batting - Pitching for Columbia 08s : RHP Jorge Amador
|
Batting: RHB Raúl Flores
|
0-0: Called Strike 0-1: Foul Ball, location: 2F 0-2: Foul Ball, location: 2F 0-2: Ground out 5-3 (Groundball, 56S)
|
Batting: RHB Kel Weeks
|
0-0: Foul Ball, location: 2F 0-1: Called Strike 0-2: Ball 1-2: Foul Ball, location: 2F 1-2: DOUBLE (Line Drive, 7LM)
|
Pitching: RHP José Antonio Peña
|
|
Batting: RHB Mike Wagner
|
0-0: Ball 1-0: Ball 2-0: Ball 3-0: Base on Balls
|
Batting: RHB Sean King
|
0-0: Foul Ball, location: 2F 0-1: Ball 1-1: Called Strike 1-2: Ball 2-2: Ball 3-2: Base on Balls Kel Weeks to third Mike Wagner to second
|
Batting: RHB José Rosales
|
0-0: Ball 1-0: Fly out, F8 (Flyball, 8LD) Runner from 3rd tags up, SCORES, no throw
|
Batting: RHB Sergio Calderón
|
0-0: Called Strike 0-1: Foul Ball, location: 2F 0-2: Ball 1-2: Ball 2-2: Foul Ball, location: 2F 2-2: Foul Ball, location: 2F 2-2: Strikes out swinging
|
Bottom of the 6th over - 1 run(s), 1 hit(s), 0 error(s), 2 left on base; Columbia 2 - Minnesota 3 |
TOP OF THE 7TH |
Columbia 08s batting - Pitching for Minnesota Death Stars : RHP Jerry Catron
|
Batting: RHB Ben Barker
|
0-0: Foul Ball, location: 2F 0-1: Ball 1-1: Ball 2-1: Ball 3-1: Ground out 6-3 (Groundball, 6)
|
Batting: RHB Bernardo Corona
|
0-0: Ball 1-0: Foul Ball, location: 2F 1-1: Ball 2-1: Called Strike 2-2: Ball 3-2: Base on Balls
|
Batting: RHB Carlos López
|
0-0: Called Strike 0-1: Ball 1-1: Ball 2-1: Ball Bernardo Corona steals 2nd base 3-1: Ground out U3 (Groundball, 34S) Bernardo Corona to third
|
Pinch Hitting: LHB Claudio Palácios
|
0-0: Called Strike 0-1: Ball 1-1: Ball 2-1: Called Strike 2-2: Ground out 3-1 (Groundball, 34)
|
Top of the 7th over - 0 run(s), 0 hit(s), 0 error(s), 1 left on base; Columbia 2 - Minnesota 3 |
BOTTOM OF THE 7TH |
Minnesota Death Stars batting - Pitching for Columbia 08s : RHP José Antonio Peña
|
Now in LF: Claudio Palácios
|
|
Batting: RHB Pat Bray
|
0-0: Ball 1-0: Ground out 6-3 (Groundball, 6)
|
Pitching: LHP Henny van der Lack
|
|
Batting: LHB Júlio Córdova
|
0-0: Ball 1-0: Ball 2-0: Called Strike 2-1: Foul Ball, location: 2F 2-2: Strikes out looking
|
Pitching: RHP Danny Johnston
|
|
Batting: RHB Octávio Ramos
|
0-0: Swinging Strike 0-1: Called Strike 0-2: Ball 1-2: Strikes out swinging
|
Bottom of the 7th over - 0 run(s), 0 hit(s), 0 error(s), 0 left on base; Columbia 2 - Minnesota 3 |
TOP OF THE 8TH |
Columbia 08s batting - Pitching for Minnesota Death Stars : RHP Jerry Catron
|
Pitching: RHP Alfredo Cabral
|
|
Batting: RHB Chris Burrell
|
0-0: Ball 1-0: Ball 2-0: Called Strike 2-1: Fly out, F7 (Flyball, 78S)
|
Batting: RHB James Hunter
|
0-0: Ball 1-0: Ground out 4-3 (Groundball, 4)
|
Batting: SHB Jorge Rodríguez
|
0-0: Called Strike 0-1: Swinging Strike 0-2: Fly out, F8 (Flyball, 8LM)
|
Top of the 8th over - 0 run(s), 0 hit(s), 0 error(s), 0 left on base; Columbia 2 - Minnesota 3 |
BOTTOM OF THE 8TH |
Minnesota Death Stars batting - Pitching for Columbia 08s : RHP Danny Johnston
|
Batting: RHB Raúl Flores
|
0-0: Ball 1-0: Called Strike 1-1: Ball 2-1: Called Strike 2-2: Ball 3-2: Ground out 5-3 (Groundball, 5)
|
Batting: RHB Kel Weeks
|
0-0: Ball 1-0: Called Strike 1-1: Foul Ball, location: 2F 1-2: Ball 2-2: Foul Ball, location: 2F 2-2: Ball 3-2: Base on Balls
|
Pinch Runner at 1st Kris Ballard:
|
|
Pinch Hitting: RHB Christian Moss
|
0-0: Called Strike Kris Ballard steals 2nd base 0-1: Ball 1-1: Intentional Walk
|
Batting: RHB Sean King
|
0-0: Ball 1-0: Ball 2-0: Ball 3-0: Base on Balls Kris Ballard to third Christian Moss to second
|
Batting: RHB José Rosales
|
0-0: Ball 1-0: Ball 2-0: Called Strike 2-1: Fly out, F7 (Flyball, 78S) Lined into DP, 7-4 (Flyball, 78S)
|
Bottom of the 8th over - 0 run(s), 0 hit(s), 0 error(s), 2 left on base; Columbia 2 - Minnesota 3 |
TOP OF THE 9TH |
Columbia 08s batting - Pitching for Minnesota Death Stars : RHP Alfredo Cabral
|
Pitching: RHP Gilbert Bright
|
|
Now at SS: Carlos Estrada
|
|
Now in CF: Kris Ballard
|
|
Pinch Hitting: RHB Vernon Sterling
|
0-0: Foul Ball, location: 2F 0-1: Swinging Strike 0-2: Foul Ball, location: 2F 0-2: Foul Ball, location: 2F 0-2: Ball 1-2: Ball 2-2: Strikes out looking
|
Pinch Hitting: RHB Pedro López
|
0-0: Foul Ball, location: 2F 0-1: Foul Ball, location: 2F 0-2: Ball 1-2: Strikes out swinging
|
Batting: RHB Ben Barker
|
0-0: Ball 1-0: Ball 2-0: Called Strike 2-1: Ball 3-1: Ground out 5-3 (Groundball, 56S)
|
Top of the 9th over - 0 run(s), 0 hit(s), 0 error(s), 0 left on base; Columbia 2 - Minnesota 3 |
|